 Dungeon Crawl Stone Soup version 0.26-a0-812-g31a745ddcd (webtiles) character file.

Game seed: 15615691996959387879

91 mkm the Stinger (level 4, -4/26 HPs)
             Began as a Gargoyle Venom Mage on Nov 21, 2020.
             Slain by a bullfrog zombie (5 damage)
             ... on level 4 of the Dungeon.
             The game lasted 00:13:35 (3071 turns).

mkm the Stinger (Gargoyle Venom Mage)               Turns: 3071, Time: 00:13:36

Health: -4/26      AC:  5    Str: 10 (11) XL:     4   Next: 57%
Magic:  3/6        EV: 12    Int: 16 (19) God:
Gold:   143        SH:  0    Dex:  9 (10) Spells: 4/7 levels left

rFire    x . .     SeeInvis .   g - +0 short sword
rCold    + . .     Faith    .   (no shield)
rNeg     + + .     Spirit   .   a - +0 robe
rPois    ∞         Reflect  .   (no helmet)
rElec    +         Harm     .   (no cloak)
rCorr    .         Rampage  .   (no gloves)
MR       .....                  (no boots)
Stlth    ++........             (no amulet)
HPRegen  0.08/turn              d - ring of ice
MPRegen  0.10/turn              k - ring of positive energy (curse)

@: mighty, berserk cooldown, slowed, very slow
A: clever 1, low mp 1, negative energy resistance 1, robust 1, electricity
resistance, unbreathing, petrification resistance, rot immunity, MP-powered
wands, AC +3
a: no special abilities


You were on level 4 of the Dungeon.
You visited 1 branch of the dungeon, and saw 4 of its levels.

You collected 143 gold pieces.

Inventory:

Hand Weapons
 g - a +0 short sword (weapon)
Armour
 a - a +0 robe (worn)
 b - a +0 helmet
Jewellery
 d - a ring of ice (left hand)
 k - a cursed ring of positive energy (right hand)
Scrolls
 c - a scroll of blinking
 f - 3 scrolls of identify
 j - a scroll of magic mapping
 o - 2 scrolls of amnesia


   Skills:
 + Level 0.5 Fighting
 + Level 1.0 Short Blades
 + Level 0.5 Armour
 + Level 2.3 Dodging
 + Level 2.7 Stealth
 + Level 0.8 Unarmed Combat
 + Level 2.2 Spellcasting
 + Level 0.8 Transmutations
 + Level 0.4 Air Magic
 + Level 3.5 Poison Magic


You had 4 spell levels left.
You knew the following spells:

 Your Spells              Type           Power        Failure   Level
a - Sting                 Tmut/Pois      #...         9%          1
b - Poisonous Vapours     Pois/Air       #.....       14%         2

Your spell library contained the following spells:

 Spells                   Type           Power        Failure   Level
 Ignite Poison            Fire/Tmut/Pois #.......     32%         3
 Mephitic Cloud           Conj/Pois/Air  #.......     34%         3
 Olgreb's Toxic Radiance  Pois           ##......     43%         4


Dungeon Overview and Level Annotations

Branches:
Dungeon (4/15)
 Temple: D:4-7

Altars:


Innate Abilities, Weirdness & Mutations

You are resistant to torment.
Your stone body is resilient. (AC +3)
You are immune to poison.
You resist negative energy. (rN+)
You are resistant to electric shocks. (rElec)
You can survive without breathing.
You are immune to petrification.
You are immune to rotting.
Your mind is acute. (Int +2)
Your magical capacity is low. (-10% MP)
You are robust. (+10% HP)
You expend magic power (3 MP) to strengthen your wands.


Message History

You hit the bullfrog zombie.
The bullfrog zombie is severely damaged.
You are no longer berserk.
You are exhausted.
You feel yourself slow down. The bullfrog zombie barely misses you.
Casting: Sting (safe; 9% risk of failure)
Confirm with . or Enter, or press ? or * to list all spells.
Aiming: Sting (safe; 9% risk of failure)
Press: ? - help, Shift-Dir - straight line, f - bullfrog zombie
Aim: a bullfrog zombie (severely damaged)
The sting hits the bullfrog zombie.
The bullfrog zombie partially resists.
The bullfrog zombie is severely damaged.
The bullfrog zombie barely misses you. x2
Casting: Sting (safe; 9% risk of failure)
Confirm with . or Enter, or press ? or * to list all spells.
Aiming: Sting (safe; 9% risk of failure)
Press: ? - help, Shift-Dir - straight line, f/p - bullfrog zombie
Aim: a bullfrog zombie (severely damaged)
The sting misses the bullfrog zombie.
The bullfrog zombie hits you.
You die... ≈ ≈...######## ≈≈....Z@)..# .P.#.#####.# #

You could see a bullfrog zombie.

Vanquished Creatures
  An orc wizard (D:2)
  A worm (D:2)
  A dart slug (D:3)
  2 leopard geckos (D:2)
  5 orcs
  A ball python (D:2)
  4 giant cockroaches
  5 goblins
  2 hobgoblins (D:2)
  8 bats
  4 frilled lizards
  7 kobolds
  6 rats
47 creatures vanquished.

Notes
Turn   | Place    | Note
-------+----------+-------------------------------------------
     0 | D:1      | mkm the Gargoyle Venom Mage began the quest for the Orb.
     0 | D:1      | Reached XP level 1. HP: 10/10 MP: 3/3
   495 | D:1      | Reached XP level 2. HP: 11/15 MP: 5/5
   622 | D:1      | Learned a level 2 spell: Poisonous Vapours
   828 | D:1      | Gained mutation: Your magical capacity is low. (-10% MP)
                  | [potion of mutation]
   828 | D:1      | Gained mutation: You are robust. (+10% HP) [potion of
                  | mutation]
   828 | D:1      | Gained mutation: Your mind is acute. (Int +2) [potion of
                  | mutation]
   828 | D:1      | Gained mutation: You expend magic power (3 MP) to
                  | strengthen your wands. [potion of mutation]
  1719 | D:2      | Reached XP level 3. HP: 20/20 MP: 2/5
  1991 | D:2      | Reached skill level 1 in Short Blades
  1991 | D:2      | Reached XP level 4. HP: 23/26 MP: 0/6
  3071 | D:4      | Slain by a bullfrog zombie

Illustrated notes

Levels and vault maps discovered:
D:1:      roderic_octagonal_star, layout_basic, minivault_23
D:2:      layout_basic, serial_corexii_hall, corexii_hall_statues_x,
          corexii_hall_statues_deadend, kennysheep_generic_room_11
D:3:      layout_basic, nemelex_altar_shiori, fedhas_altar_fruit_tree
D:4:      minmay_diamond_boxcup, layout_loops_cross,
          minmay_temple_entry_mini_moons, serial_undead, serial_undead_b,
          serial_undead_a, serial_undead_b, serial_undead_d, serial_undead_e,
          serial_undead_c, serial_undead_e, serial_undead_f, serial_undead_b,
          serial_undead_b

Skill      XL: |  1  2  3 |
---------------+----------+-----
Dodging        | 2 |  2.3
Short Blades   | 1 |  1.0
Fighting       | |  0.5
Armour         | |  0.5
Stealth        | |  2.7
Unarmed Combat | |  0.8
Spellcasting   | |  2.2
Transmutations | |  0.8
Air Magic      | |  0.4
Poison Magic   | |  3.5

Action                   |  1- 3 |  4- 6 || total
-------------------------+-------+-------++-------
Melee: Unarmed           |    95 |       ||    95
       Dagger            |    29 |       ||    29
       Short sword       |    38 |    63 ||   101
 Cast: Poisonous Vapours |     9 |       ||     9
       Sting             |     9 |    12 ||    21
  Use: Scroll            |     3 |     4 ||     7
       Potion            |     5 |     7 ||    12
 Stab: Sleeping          |     1 |     2 ||     3
Armor: Ring mail         |    79 |       ||    79
       Robe              |    45 |    20 ||    65
Dodge: Dodged            |   126 |    59 ||   185

Table legend: (Time is in decaauts)
 A = Elapsed time spent in this place.
 B = Non-inter-level travel time spent in this place.
 C = Inter-level travel time spent in this place.
 D = Time resting spent in this place.
 E = Time spent auto-exploring this place.
 F = Levels seen in this place.
 G = Mean time per level.
                   A        B        C        D        E       F      G
               +--------+--------+--------+--------+--------+-----+--------+
         Total |   3085 |   3055 |     30 |    281 |   2057 |   4 |  771.2 |
       Dungeon |   3085 |   3055 |     30 |    281 |   2057 |   4 |  771.2 |
               +--------+--------+--------+--------+--------+-----+--------+

Top non-repeatable levels by time:
     D:1: 1563 daAuts
     D:2: 1455 daAuts
     D:3: 53 daAuts
     D:4: 12 daAuts
